Map: Newkirk Precinct TE (Void)

Players

Serral - Winner!

  • Race: Zerg Zerg
  • Spawn Location: 7:00

Zest

  • Race: Protoss Protoss
  • Spawn Location: 5:00

Event: IEM XI Katowice - World Championship 2017

VOD

Have the link to the VOD?

Description

Time

  • Played on: March 2, 2017, 11:28 p.m.
  • Length: 15:38

All games in this series

Show
View Real Time Build Order
Export as new Build Order

Serral Zerg - Winner!

Build Orders: Hatch First, Muta Ling Bane 

Get SALT Encoding   

  12  0:00  Drone  
  13  0:13  Overlord  
  13  0:18  Drone  
  14  0:32  Drone x2  
  14  0:35  Drone  
  17  0:53  Hatchery  
  17  0:56  Drone  
  17  0:59  Drone  
  18  1:11  Extractor  
  17  1:17  Spawning Pool  
  16  1:18  Drone  
  16  1:22  Drone  
  18  1:30  Drone  
  19  1:40  Overlord  
  19  1:50  Drone  
  20  2:03  Queen  
  20  2:04  Zergling x2  
  20  2:06  Queen  
  20  2:07  Zergling x2  
  26  2:11  Metabolic Boost  
  26  2:14  Drone  
  27  2:17  Drone  
  27  2:22  Drone  
  29  2:26  Drone  
  30  2:34  Drone  
  31  2:37  Drone  
  32  2:48  Hatchery  
  32  2:50  Drone  
  32  2:53  Zergling x2  
  32  2:58  Overlord  
  33  3:00  Drone  
  33  3:06  Drone  
  34  3:13  Drone  
  34  3:15  Queen  
  34  3:16  Drone  
  34  3:17  Drone  
  39  3:22  Overlord  
  39  3:24  Drone  
  39  3:26  Drone  
  41  3:28  Drone  
  41  3:30  Drone  
  41  3:32  Drone  
  44  3:40  Drone  
  44  3:41  Drone  
  46  3:43  Drone  
  46  3:44  Drone  
  46  3:47  Roach Warren  
  48  3:51  Lair  
  48  3:53  Drone  
  48  3:56  Drone  
  48  3:57  Overlord  
  48  3:59  Drone  
  48  4:01  Drone  
  51  4:08  Drone x2  
  53  4:10  Drone  
  54  4:18  Drone x2  
  54  4:21  Extractor  
  54  4:23  Spore Crawler  
  54  4:24  Spore Crawler, Overlord  
  54  4:29  Roach x3  
  54  4:30  Roach x2  
  63  4:32  Roach  
  63  4:35  Overlord  
  65  4:42  Queen  
  65  4:44  Roach  
  71  4:45  Roach  
  71  4:46  Drone x3  
  71  4:49  Overseer  
  71  4:52  Overlord  
  73  4:53  Overseer  
  73  4:55  Drone  
  73  4:57  Drone x3  
  77  5:01  Overlord  
  77  5:04  Drone x2  
  77  5:06  Drone x2  
  81  5:08  Overlord  
  81  5:09  Extractor  
  81  5:11  Overlord  
  80  5:14  Drone x2  
  80  5:15  Drone  
  80  5:17  Extractor  
  80  5:19  Evolution Chamber  
  80  5:20  Glial Reconstitution  
  81  5:23  Roach  
  81  5:25  Drone x2  
  81  5:26  Drone  
  86  5:31  Drone  
  86  5:32  Overlord  
  86  5:34  Overlord  
  87  5:36  Extractor, Drone x2  
  87  5:41  Spine Crawler  
  87  5:44  Roach  
  87  5:47  Drone x2  
  87  5:48  Drone x2  
  87  5:49  Drone x2  
  93  5:52  Extractor  
  93  5:54  Spire  
  93  5:55  Zerg Melee Weapons Level 1  
  91  5:58  Overlord  
  91  5:59  Drone x2  
  91  6:03  Drone  
  91  6:04  Roach, Drone  
  94  6:09  Overlord  
  96  6:12  Zergling x10  
  96  6:15  Overlord  
  96  6:17  Drone  
  102  6:23  Ravager  
  103  6:29  Drone  
  103  6:32  Zergling x6, Roach x2  
  111  6:37  Ravager x4  
  111  6:38  Ravager  
  116  6:44  Zergling x4, Roach x3  
  116  6:45  Zergling x6  
  127  6:49  Spine Crawler  
  127  6:51  Spine Crawler, Ravager x2  
  127  6:52  Zergling x2, Roach x2  
  132  6:54  Spine Crawler  
  132  6:56  Zergling x4, Baneling Nest  
  132  6:58  Ravager  
  138  7:01  Roach x2  
  138  7:05  Zergling x6  
  133  7:10  Queen x2  
  133  7:13  Zergling x8  
  133  7:14  Zergling x2  
  132  7:15  Zergling x2  
  132  7:16  Zergling x4  
  132  7:20  Zergling x4  
  126  7:27  Roach  
  126  7:28  Roach  
  130  7:30  Roach  
  130  7:34  Ravager x4  
  130  7:35  Ravager  
  137  7:39  Spire, Overlord  
  137  7:40  Centrifical Hooks, Overlord  
  136  7:51  Zerg Melee Weapons Level 2  
  136  7:56  Overlord x3  
  136  7:58  Zergling x4  
  138  8:07  Zergling x6  
  138  8:11  Hatchery  
  138  8:37  Drone x2  
  138  8:38  Drone x4  
  138  8:40  Drone x2  
  146  8:43  Zergling x12  
  146  8:44  Zergling x2  
  153  9:02  Mutalisk x5  
  154  9:03  Mutalisk x4  
  154  9:05  Overlord x3  
  167  9:10  Infestation Pit  
  161  9:18  Drone x3  
  161  9:22  Drone x2  
  161  9:23  Queen  
  167  9:25  Hatchery  
  167  9:26  Drone x2  
  168  9:32  Zergling x8  
  168  9:34  Baneling x7  
  168  9:38  Zergling x8  
  175  9:47  Zergling x12  
  175  9:49  Hive  
  175  9:51  Infestor  
  180  9:55  Zergling x4  
  182  10:03  Zergling x6  
  182  10:04  Zergling x2  
  185  10:08  Zerg Ground Armor Level 1  
  185  10:10  Ravager x4  
  185  10:13  Zergling x6, Hatchery  
  185  10:14  Zergling x4  
  191  10:17  Baneling  
  191  10:18  Baneling x15  
  191  10:25  Zergling x2  
  191  10:26  Zergling x14  
  197  10:29  Spore Crawler  
  191  10:36  Zergling x8  
  191  10:37  Zergling x10  
  191  10:39  Baneling x2  
  191  10:40  Baneling x5  
  197  10:44  Zergling x4  
  197  10:48  Baneling  
  197  10:49  Baneling x5  
  189  10:57  Zergling x6  
  189  10:58  Zergling x18  
  189  11:04  Zergling x2  
  189  11:05  Zergling x12  
  175  11:18  Greater Spire  
  170  11:20  Zergling x12  
  170  11:21  Zergling x14  
  170  11:25  Baneling  
  181  11:26  Baneling x11  
  181  11:30  Baneling  
  181  11:31  Zergling x4, Baneling x6  
  183  11:38  Zergling x10  
  188  11:45  Baneling x5  
  188  11:46  Baneling x10  
  188  11:51  Adrenal Glands  
  188  11:53  Zergling x8  
  190  11:55  Baneling  
  190  11:56  Baneling x2  
  190  11:59  Drone x3  
  190  12:00  Drone  
  194  12:02  Drone  
  194  12:05  Drone  
  184  12:09  Baneling x2  
  184  12:10  Baneling x2  
  184  12:11  Zergling x14  
  169  12:24  Zergling x2  
  169  12:25  Zergling x26  
  169  12:26  Zergling x2  
  178  12:36  Baneling  
  178  12:37  Zergling x2, Baneling x9  
  176  12:38  Zergling x14  
  176  12:43  Baneling x2  
  184  12:47  Corruptor  
  184  12:48  Corruptor x2  
  184  12:49  Corruptor  
  191  12:55  Corruptor x2  
  191  13:08  Extractor  
  191  13:09  Extractor  
  189  13:14  Drone x3  
  189  13:21  Zergling x10  
  189  13:22  Zergling x12  
  197  13:32  Brood Lord x2  
  199  13:37  Spine Crawler, Spore Crawler, Extractor  
  199  13:38  Spine Crawler, Extractor  
  196  13:41  Brood Lord x3  
  196  13:46  Brood Lord, Overseer  
  200  13:59  Overseer x2  
  198  14:08  Zergling x2  
  198  14:09  Zergling x14  
  200  14:31  Ultralisk Cavern  
  199  14:34  Zergling x2  
  200  14:43  Baneling  
  200  14:44  Baneling  
  200  14:45  Baneling x17  
  195  14:59  Zergling x10  
  172  15:17  Zergling x2  
  172  15:18  Zergling x38  
  172  15:19  Zergling x8  
  172  15:20  Zergling x30  
  172  15:21  Zergling x2  
Show
View Real Time Build Order
Export as new Build Order

Zest Protoss 

Build Orders: 1 Gate Expand, Zealot Archon, Dark Templar Rush 

Get SALT Encoding   

  12  0:00  Probe (Chrono Boost)  
  13  0:11  Probe (Chrono Boost)  
  14  0:18  Pylon  
  14  0:22  Probe (Chrono Boost)  
  15  0:36  Probe (Chrono Boost)  
  15  0:39  Gateway  
  16  0:46  Probe (Chrono Boost)  
  16  0:49  Assimilator  
  18  0:57  Probe (Chrono Boost)  
  18  1:07  Probe (Chrono Boost)  
  19  1:22  Nexus  
  19  1:26  Probe (Chrono Boost)  
  20  1:35  Cybernetics Core  
  20  1:39  Probe (Chrono Boost)  
  21  1:44  Assimilator  
  21  1:49  Probe (Chrono Boost)  
  21  1:53  Pylon  
  22  2:00  Probe (Chrono Boost)  
  23  2:09  Adept  
  23  2:13  Warp Gate, Probe (Chrono Boost)  
  26  2:26  Mothership Core (Chrono Boost)  
  28  2:35  Probe (Chrono Boost)  
  30  2:44  Probe (Chrono Boost)  
  30  2:45  Twilight Council, Probe (Chrono Boost)  
  31  2:54  Probe (Chrono Boost)  
  31  2:56  Probe (Chrono Boost)  
  33  3:03  Robotics Facility  
  33  3:05  Probe (Chrono Boost)  
  34  3:06  Probe (Chrono Boost)  
  35  3:16  Probe (Chrono Boost)  
  35  3:17  Probe (Chrono Boost)  
  37  3:26  Probe (Chrono Boost)  
  38  3:27  Probe (Chrono Boost)  
  38  3:30  Dark Shrine  
  39  3:35  Gateway  
  39  3:36  Gateway  
  39  3:37  Probe (Chrono Boost)  
  39  3:38  Probe (Chrono Boost)  
  41  3:43  Gateway  
  41  3:48  Probe x2 (Chrono Boost), Warp Prism  
  45  3:57  Pylon  
  45  4:00  Probe (Chrono Boost)  
  45  4:02  Assimilator  
  46  4:05  Assimilator  
  46  4:09  Pylon  
  46  4:16  Probe (Chrono Boost)  
  48  4:17  Probe (Chrono Boost)  
  48  4:26  Probe (Chrono Boost)  
  48  4:27  Probe (Chrono Boost)  
  50  4:36  Pylon  
  50  4:37  Probe (Chrono Boost)  
  50  4:38  Probe (Chrono Boost)  
  52  4:46  Dark Templar x4  
  60  4:54  Nexus  
  60  4:57  Probe (Chrono Boost)  
  60  4:58  Probe (Chrono Boost)  
  60  4:59  Blink, Observer  
  63  5:08  Pylon  
  63  5:10  Probe x2 (Chrono Boost)  
  65  5:15  Archon  
  65  5:17  Archon  
  65  5:19  Stalker x2  
  70  5:37  Gateway  
  70  5:38  Gateway  
  70  5:40  Gateway x2  
  69  5:53  Stalker x2  
  69  5:54  Stalker x2  
  77  6:02  Pylon  
  77  6:04  Pylon  
  77  6:21  Stalker x4  
  85  6:36  Probe (Chrono Boost)  
  85  6:37  Probe x2 (Chrono Boost)  
  88  6:42  Stalker x4  
  88  6:47  Stalker x4  
  98  6:51  Pylon  
  104  6:54  Pylon  
  88  7:22  Immortal  
  88  7:27  Probe x3 (Chrono Boost)  
  93  7:35  Dark Templar x4  
  93  7:36  Zealot x4  
  109  7:39  Probe x2 (Chrono Boost)  
  109  7:40  Probe (Chrono Boost), Archon x2  
  112  7:45  Assimilator  
  112  7:49  Assimilator  
  112  7:51  Probe x2 (Chrono Boost)  
  114  7:53  Probe (Chrono Boost)  
  115  7:59  Stalker x3  
  115  8:00  Stalker  
  115  8:03  Probe (Chrono Boost)  
  124  8:09  Pylon  
  124  8:10  Pylon  
  124  8:12  Pylon  
  124  8:22  Immortal  
  128  8:29  Dark Templar x2  
  128  8:30  Zealot x4  
  140  8:36  Charge  
  140  8:39  Zealot x2  
  142  8:45  Archon  
  142  8:51  Sentry, Forge  
  144  8:55  Pylon  
  144  9:09  Nexus, Protoss Ground Weapons Level 1  
  144  9:11  Pylon  
  144  9:12  Pylon  
  144  9:16  Immortal  
  148  9:24  Forge  
  148  9:31  Gateway, Photon Cannon  
  148  9:32  Gateway  
  148  9:35  Photon Cannon  
  148  9:39  Dark Templar x4  
  148  9:45  Protoss Shields Level 1  
  156  9:52  Immortal  
  150  9:58  Photon Cannon  
  150  10:04  Archon  
  150  10:13  Dark Templar x4  
  158  10:18  Dark Templar  
  160  10:24  Archon x2  
  160  10:25  Zealot x3  
  166  10:33  Archon  
  164  10:40  Dark Templar  
  166  10:48  Dark Templar x2  
  166  10:49  Zealot, Archon  
  172  10:50  Zealot x5  
  172  10:53  Pylon  
  172  10:55  Pylon  
  127  11:16  Zealot x8  
  134  11:26  Protoss Shields Level 2, Protoss Ground Weapons Level 2  
  134  11:29  Probe (Chrono Boost)  
  134  11:30  Probe x3 (Chrono Boost)  
  136  11:39  Probe (Chrono Boost)  
  135  11:42  Probe x2 (Chrono Boost)  
  138  11:48  Probe (Chrono Boost)  
  138  11:50  Probe (Chrono Boost)  
  140  11:54  Probe (Chrono Boost)  
  140  11:56  Dark Templar x3  
  140  11:57  Dark Templar x3  
  140  11:58  Zealot  
  152  12:05  Archon  
  134  12:11  Zealot  
  134  12:12  Zealot x2  
  110  12:33  Dark Templar x4  
  118  12:38  Archon  
  118  12:39  Probe (Chrono Boost), Archon  
  118  12:40  Probe x2 (Chrono Boost)  
  118  12:42  Zealot x2, Dark Templar  
  123  12:58  Probe x2 (Chrono Boost)  
  125  12:59  Probe (Chrono Boost)  
  125  13:00  Probe (Chrono Boost)  
  125  13:01  Dark Templar  
  125  13:02  Dark Templar  
  125  13:04  Dark Templar  
  133  13:08  Assimilator  
  133  13:09  Assimilator, Probe (Chrono Boost), Archon  
  133  13:10  Probe x2 (Chrono Boost)  
  137  13:12  Probe (Chrono Boost)  
  137  13:13  Dark Templar  
  137  13:17  Stalker  
  141  13:26  Stalker x2  
  143  13:42  Dark Templar  
  143  13:47  Immortal  
  149  14:15  Dark Templar  
  151  14:19  Archon  
  151  14:21  Stargate  
  151  14:26  Zealot x9  
  151  14:30  Pylon  
  167  14:49  Mothership Core (Chrono Boost)  
  166  14:57  Zealot x2  
  166  14:58  Zealot x2  
  149  15:16  Zealot x2, Dark Templar x4  
  102  15:31  Zealot x4  

Tags
 
Add a new tag
Caveats
  • Supply blocks, unpowered buildings, or Contaminate may cause inaccurate times.
  • Supply counts are checked every 10 seconds.